 Dungeon Crawl Stone Soup version 0.24-a0-725-gf1a930fc54 (webtiles) character file.

Game seed: 14957712302752068174, levelgen mode: deterministic

49 Arixos the Cudgeler (level 3, -6/33 HPs)
             Began as a Minotaur Berserker on Oct 1, 2019.
             Was a Follower of Trog.
             Mangled by Crazy Yiuf
             ... wielding a +2 quarterstaff of chaos
              (11 damage)
             ... on level 2 of the Dungeon.
             The game lasted 00:10:17 (1294 turns).

Arixos the Cudgeler (Minotaur Berserker)            Turns: 1294, Time: 00:10:17

Health: -6/33      AC:  2    Str: 22    XL:     3   Next: 51%
Magic:  2/2        EV: 12    Int:  4    God:    Trog [*.....]
Gold:   26         SH:  0    Dex:  9    Spells: 2/2 levels left

rFire    . . .     SeeInvis .   a - +0 mace
rCold    . . .     Gourm    .   (no shield)
rNeg     . . .     Faith    .   b - +0 animal skin
rPois    .         Spirit   .   (helmet restricted)
rElec    .         Reflect  .   (no cloak)
rCorr    .         Harm     .   (no gloves)
MR       .....                  (no boots)
Stlth    +.........             (no amulet)
HPRegen  0.11/turn              (no ring)
MPRegen  0.08/turn              (no ring)

@: very slightly contaminated
A: retaliatory headbutt, horns 2
a: Berserk, Renounce Religion


You were on level 2 of the Dungeon.
You worshipped Trog.
Trog was aware of your devotion.
You were very hungry.

You visited 1 branch of the dungeon, and saw 2 of its levels.

You collected 26 gold pieces.

Inventory:

Hand Weapons
 a - a +0 mace (weapon)
 m - a +1 mace of protection
Missiles
 g - 13 poisoned darts (quivered)
Armour
 b - a +0 animal skin (worn)
Scrolls
 j - a scroll of blinking
 k - a scroll of magic mapping
Potions
 d - a potion of degeneration {unknown}
 f - a potion of brilliance {unknown}
 l - a potion of curing {unknown}
Comestibles
 c - 4 rations


   Skills:
 + Level 4.2 Fighting
 + Level 4.2 Maces & Flails
 + Level 3.1 Armour
 + Level 2.8 Dodging


You had 2 spell levels left.
You didn't know any spells.
Your spell library was empty.

Dungeon Overview and Level Annotations

Branches:
Dungeon (2/15)

Altars:

Annotations:
D:2 Crazy Yiuf


Innate Abilities, Weirdness & Mutations

You reflexively headbutt those who attack you in melee.
You have a pair of horns on your head.


Message History

You hit Crazy Yiuf but do no damage. Your headbutt misses Crazy Yiuf.
Crazy Yiuf is heavily wounded.
Crazy Yiuf hits you but does no damage.
You hit Crazy Yiuf.
Crazy Yiuf is severely wounded.
Crazy Yiuf closely misses you.
You hit Crazy Yiuf.
Crazy Yiuf is severely wounded.
Crazy Yiuf barely misses you.
You closely miss Crazy Yiuf.
Crazy Yiuf is severely wounded.
Crazy Yiuf drinks a potion.
Crazy Yiuf is healed!
You barely miss Crazy Yiuf. Your headbutt misses Crazy Yiuf.
Crazy Yiuf hits you with a +2 quarterstaff of chaos!
* * * LOW HITPOINT WARNING * * *
You are feeling very hungry.
You closely miss Crazy Yiuf. Crazy Yiuf closely misses you.
You barely miss Crazy Yiuf. Your headbutt misses Crazy Yiuf.
Crazy Yiuf hits you with a +2 quarterstaff of chaos!
You die...

,*
#...###....#
*** *,,*,* *
** #####...#
#....# **,*,*
* * #.......#
#.P.P# *,*,*
* * ##.##...#
#)P.## *,,,**
* * #.#...##
##)## **,,,*
* * #.#.#.#
#)## *,*,* *
###.....##
##)# *,,,* *
#..[#.#..#
#)## **,,***
# #...#....#
##@# *,,,**
###...#....#
*#g#* **,,**
...........#
*)))*
********,,**
......#.####
#)))#
*,,,,,**,,**
...####....#
#).)#
*,,,,,***,,*
...# ######
#####
*,,,,,***,,*
####
*,,,,,,,,,,,
**,,,,,****,,
*,,,,,,* *,>


You could see Crazy Yiuf.

Vanquished Creatures
  An adder (D:2)
  3 dart slugs (D:1)
  5 bats (D:1)
  4 giant cockroaches (D:1)
  2 goblins (D:1)
  2 hobgoblins (D:1)
  4 jackals (D:1)
  2 kobolds (D:1)
  A quokka (D:2)
  6 rats (D:1)
30 creatures vanquished.

Notes
Turn   | Place    | Note
-------+----------+-------------------------------------------
     0 | D:1      | Arixos the Minotaur Berserker began the quest for the Orb.
     0 | D:1      | Reached XP level 1. HP: 19/19 MP: 0/0
     2 | D:1      | Noticed a draconian
     2 | D:1      | Noticed a vampire
     4 | D:1      | Noticed a demonspawn
     4 | D:1      | Noticed an ogre
     6 | D:1      | Noticed a naga
     8 | D:1      | Noticed a tengu
     8 | D:1      | Noticed an octopode
    10 | D:1      | Noticed a merfolk
    10 | D:1      | Noticed a dwarf
    12 | D:1      | Noticed a ghoul
    12 | D:1      | Noticed a human
    14 | D:1      | Noticed a vine stalker
    14 | D:1      | Noticed an elf
    16 | D:1      | Noticed a minotaur
    18 | D:1      | Noticed a centaur
    18 | D:1      | Noticed a spriggan
    20 | D:1      | Noticed a demigod
    22 | D:1      | Noticed a gargoyle
    22 | D:1      | Noticed a felid
    24 | D:1      | Noticed a halfling
    24 | D:1      | Noticed a troll
    26 | D:1      | Noticed a formicid
    63 | D:1      | Reached XP level 2. HP: 10/27 MP: 1/1
   688 | D:1      | Reached XP level 3. HP: 32/33 MP: 2/2
   780 | D:1      | Reached ** piety under Trog
  1274 | D:2      | Found a runed translucent door.
  1275 | D:2      | Noticed Crazy Yiuf
  1294 | D:2      | Mangled by Crazy Yiuf

Levels and vault maps discovered:
D:1:      kb_arrival_jail, layout_basic
D:2:      layout_basic, uniq_jessica, uniq_crazy_yiuf_cottage

Skill      XL: |  1  2 |
---------------+-------+-----
Fighting       | 4 |  4.2
Maces & Flails | 4 |  4.2
Armour         | 3 |  3.1
Dodging        | |  2.8

Action                   || total
-------------------------++-------
Melee: Mace              ||    66
       Headbutt          ||    11
Invok: Berserk           ||     1
  Use: Scroll            ||     5
  Eat: Chunk             ||     1
Armor: Animal skin       ||    13
Dodge: Dodged            ||    47

Table legend:
 A = Non-vault XP
 B = Vault XP
 C = Vault XP percentage of total XP
 D = Non-vault monster count
 E = Vault monster count
 F = Vault count percentage of total count
                 A         B        C        D         E       F
            +---------+---------+-------+---------+---------+-------
      Total |      70 |       0 |   0.0 |      30 |       0 |   0.0
            +---------+---------+-------+---------+---------+-------
        D:1 |      54 |       0 |   0.0 |      28 |       0 |   0.0
        D:2 |      16 |       0 |   0.0 |       2 |       0 |   0.0
            +---------+---------+-------+---------+---------+-------
